Map: Odyssey LE

Players

WeebLyFe

  • Race: Zerg Zerg
  • League: Grandmaster
  • Spawn Location: 5:00

IIIIIIIIIIII - Winner!

  • Race: Terran Terran
  • League: Grandmaster
  • Spawn Location: 11:00

VOD

Have the link to the VOD?

Description

Time

  • Played on: Aug. 1, 2017, 7:37 p.m.
  • Length: 15:09
Show
View Real Time Build Order
Export as new Build Order

WeebLyFe Zerg 

Build Orders: Hatch First 

Get SALT Encoding   

  12  0:01  Drone  
  13  0:13  Overlord  
  13  0:18  Drone  
  14  0:33  Drone x2  
  17  0:35  Drone  
  17  0:53  Hatchery  
  17  0:55  Drone  
  17  0:59  Extractor  
  17  1:00  Drone  
  17  1:20  Spawning Pool  
  17  1:23  Drone x2  
  18  1:32  Drone  
  19  1:39  Overlord  
  19  1:52  Drone  
  20  2:07  Queen  
  20  2:08  Zergling x2, Metabolic Boost, Queen  
  23  2:12  Drone  
  26  2:20  Drone  
  28  2:22  Drone  
  28  2:25  Drone  
  28  2:28  Drone  
  30  2:33  Drone  
  31  2:37  Drone  
  32  2:48  Drone x2  
  34  2:54  Overlord  
  34  3:03  Hatchery  
  33  3:06  Zergling x2  
  33  3:07  Zergling x2  
  33  3:10  Zergling x2  
  36  3:17  Zergling x8  
  36  3:18  Zergling x4  
  42  3:21  Zergling x2  
  42  3:23  Zergling x2  
  44  3:31  Overlord  
  44  3:41  Overlord  
  44  3:54  Zergling x16  
  52  4:03  Zergling x4  
  54  4:16  Drone x3  
  57  4:20  Lair  
  57  4:23  Extractor  
  54  4:27  Drone x3  
  50  4:33  Drone x2  
  51  4:42  Drone x2, Evolution Chamber  
  51  4:44  Extractor, Evolution Chamber  
  47  4:45  Extractor  
  47  4:47  Drone  
  47  4:48  Drone  
  46  4:55  Drone x3  
  49  5:04  Drone x3  
  49  5:05  Spore Crawler  
  49  5:07  Spore Crawler x2  
  50  5:09  Drone x2  
  50  5:10  Zergling x6  
  50  5:11  Queen  
  50  5:13  Zerg Melee Weapons Level 1  
  56  5:14  Zerg Ground Armor Level 1  
  56  5:21  Zergling x6  
  59  5:25  Zergling x2  
  59  5:26  Zergling x4  
  59  5:28  Zergling x2  
  63  5:34  Drone  
  65  5:35  Drone  
  65  5:42  Drone  
  66  5:44  Overlord  
  66  5:48  Overlord  
  66  5:57  Spire  
  66  6:01  Drone  
  66  6:02  Drone  
  67  6:10  Drone x6  
  67  6:11  Drone x2  
  70  6:19  Drone x2  
  70  6:20  Drone x3  
  75  6:28  Zergling x4  
  77  6:33  Overlord x4  
  77  6:39  Drone x2  
  79  6:51  Drone x2, Hatchery  
  80  6:56  Drone x2  
  82  7:02  Overlord  
  82  7:07  Hatchery  
  80  7:24  Mutalisk x12  
  104  7:31  Zerg Flyer Weapons Level 1  
  104  7:38  Drone  
  104  7:39  Drone x7  
  104  7:43  Mutalisk  
  110  7:55  Mutalisk  
  112  8:01  Mutalisk  
  112  8:03  Drone x5  
  112  8:04  Drone x4  
  123  8:06  Extractor  
  123  8:09  Extractor  
  123  8:11  Zergling x8  
  123  8:12  Zergling x2  
  126  8:18  Overlord x3  
  126  8:24  Overlord, Baneling Nest  
  126  8:25  Zergling x2  
  126  8:30  Zergling x4  
  126  8:32  Burrow  
  128  8:34  Zergling x2  
  129  8:49  Zergling x12  
  129  8:50  Zergling x2  
  136  8:56  Zerg Melee Weapons Level 2  
  136  8:57  Zerg Ground Armor Level 2  
  136  8:59  Zergling x2  
  136  9:00  Zergling x10  
  136  9:01  Queen  
  136  9:02  Zergling x4  
  146  9:03  Zergling x2  
  146  9:04  Zergling x2  
  148  9:10  Queen  
  148  9:12  Spore Crawler  
  148  9:13  Zergling x4  
  148  9:14  Zergling x6  
  154  9:20  Zergling x2  
  154  9:21  Zergling x4  
  157  9:26  Overlord x4  
  157  9:27  Overlord  
  148  9:43  Queen  
  148  9:44  Mutalisk x4  
  148  9:45  Mutalisk x3  
  135  10:04  Mutalisk x4  
  135  10:06  Zergling x2  
  135  10:07  Zergling x14  
  148  10:14  Zergling x4  
  147  10:19  Zergling x4  
  147  10:20  Zergling x2  
  140  10:33  Zergling x10  
  140  10:34  Queen x2  
  140  10:35  Overlord x2  
  149  10:39  Baneling  
  149  10:40  Baneling x10  
  147  10:45  Baneling x14  
  147  10:46  Baneling x3  
  137  10:58  Centrifical Hooks  
  133  11:10  Zergling x2  
  133  11:11  Zergling x34  
  148  11:23  Zergling x4  
  148  11:24  Zergling x6  
  153  11:28  Zergling x8  
  153  11:29  Zergling x2  
  143  11:36  Hatchery  
  129  11:41  Zergling x6  
  121  11:56  Mutalisk x7  
  131  12:02  Zergling x2  
  132  12:08  Mutalisk  
  132  12:11  Zergling x2  
  99  12:36  Zergling x2  
  94  12:37  Zergling x8  
  85  12:46  Mutalisk x4  
  85  12:48  Zergling x2  
  85  12:50  Zergling x2  
  84  13:01  Zergling x6  
  41  13:24  Drone x3  
  41  13:25  Drone  
  37  13:27  Drone  
  37  13:32  Drone  
  39  13:37  Hatchery  
  39  13:38  Drone  
  39  13:43  Drone  
  40  13:49  Hatchery  
  40  13:55  Zergling x4  
  41  13:58  Hatchery  
  40  14:03  Zergling x4  
  39  14:22  Zergling x6  
  40  14:31  Baneling x8  
  34  14:38  Zergling x4  
Show
View Real Time Build Order
Export as new Build Order

IIIIIIIIIIII Terran - Winner!

Build Orders: Hellion Banshee, MMM Bio 

Get SALT Encoding   

  12  0:00  SCV  
  13  0:12  SCV  
  14  0:16  Supply Depot  
  14  0:25  SCV  
  15  0:38  SCV  
  15  0:39  Barracks  
  16  0:47  Refinery  
  16  0:50  SCV  
  17  1:02  SCV  
  18  1:14  SCV  
  19  1:27  Orbital Command  
  19  1:29  Barracks Reactor  
  19  1:39  Command Center  
  19  1:50  Supply Depot  
  19  1:53  SCV  
  20  2:05  Marine x2  
  20  2:06  Factory  
  22  2:09  SCV  
  23  2:21  SCV  
  24  2:23  Marine x2  
  26  2:33  SCV  
  26  2:35  Refinery  
  27  2:42  Marine x2  
  29  2:46  SCV  
  30  2:51  Orbital Command  
  30  2:55  Starport  
  30  2:58  SCV  
  31  3:06  Hellion x2  
  31  3:10  SCV  
  36  3:15  Barracks Tech Lab  
  36  3:17  SCV  
  37  3:22  SCV  
  37  3:26  Bunker  
  38  3:29  SCV  
  39  3:34  SCV  
  39  3:38  Banshee  
  39  3:39  Hellion  
  45  3:46  Supply Depot  
  45  3:50  Supply Depot  
  45  3:58  Bunker  
  45  4:01  Marine  
  46  4:06  Hellion x2  
  48  4:10  SCV  
  49  4:20  Banshee  
  49  4:21  Marine  
  53  4:28  Hellion x2  
  51  4:43  SCV x2  
  51  4:49  Hellion x2  
  55  4:54  Barracks Tech Lab  
  55  4:55  SCV x2  
  57  5:03  Supply Depot  
  60  5:07  SCV  
  60  5:13  Marine  
  59  5:23  SCV, Barracks  
  59  5:26  Starport Reactor  
  59  5:27  Siege Tank, Stimpack  
  63  5:30  SCV, Barracks  
  63  5:31  Marine  
  65  5:35  SCV  
  65  5:42  SCV  
  67  5:47  SCV  
  67  5:49  Marine  
  69  5:50  Command Center  
  69  5:51  Engineering Bay  
  69  5:52  Engineering Bay  
  69  5:54  SCV  
  70  6:00  SCV, Refinery x2  
  71  6:06  SCV  
  71  6:08  Marine, Medivac x2  
  71  6:10  Siege Tank  
  77  6:12  SCV  
  75  6:19  Supply Depot  
  75  6:20  Barracks Reactor  
  75  6:22  Terran Infantry Weapons Level 1  
  75  6:23  Terran Infantry Armor Level 1  
  75  6:24  SCV x2  
  77  6:26  Marine  
  77  6:29  Supply Depot  
  78  6:40  Marine  
  78  6:41  Medivac  
  78  6:43  SCV x2  
  78  6:44  Marine x2  
  85  6:50  Missile Turret  
  85  6:52  Missile Turret  
  85  6:56  Missile Turret  
  85  6:57  Marine x2, Missile Turret  
  85  6:58  Marine  
  88  7:01  Orbital Command  
  88  7:02  Marine x2  
  90  7:09  Barracks  
  90  7:24  Marine  
  90  7:25  Medivac x2  
  90  7:27  SCV, Barracks, Armory  
  96  7:30  Marine, Combat Shields  
  96  7:32  Orbital Command  
  96  7:34  Marine  
  96  7:35  Siege Tank, Marauder  
  103  7:38  SCV  
  103  7:40  Marine  
  103  7:43  Marine  
  106  7:48  Marine  
  107  7:55  Medivac  
  109  8:16  Marine  
  109  8:17  SCV, Barracks Reactor x2  
  109  8:31  Missile Turret  
  109  8:32  Supply Depot, Bunker  
  109  8:33  Supply Depot  
  109  8:34  Marine, Siege Tank, Medivac x2  
  109  8:37  Refinery x2  
  117  8:44  Marine x2, SCV  
  117  8:46  Marine  
  117  8:48  SCV  
  117  8:49  SCV  
  117  8:51  Marine  
  117  8:53  Marine x3  
  120  8:56  SCV  
  120  9:00  Marine, SCV  
  120  9:01  SCV, Marine  
  125  9:04  Medivac x2  
  125  9:06  Siege Tank  
  125  9:08  SCV, Terran Infantry Weapons Level 2  
  133  9:16  Marine x4  
  137  9:17  Supply Depot  
  137  9:20  SCV  
  137  9:23  Marine  
  139  9:28  Marine x2  
  141  9:38  Marine x2, Medivac x2  
  141  9:41  Marine x4  
  141  9:42  Marine  
  143  9:45  Marine  
  143  9:46  Marine  
  139  9:56  Marine  
  139  10:00  SCV  
  139  10:06  Marine x4  
  136  10:08  Medivac  
  136  10:09  SCV x2  
  136  10:12  Marine  
  136  10:13  SCV  
  141  10:17  Marine  
  141  10:21  SCV x2, Missile Turret  
  144  10:24  Marine x4  
  144  10:28  SCV  
  149  10:35  Refinery  
  149  10:42  Marine  
  148  10:43  SCV  
  149  10:56  Marine  
  149  10:59  Marine  
  149  11:01  Terran Infantry Armor Level 2  
  148  11:11  Marine  
  149  11:28  SCV  
  149  11:34  Marine  
  149  11:35  Marine  
  149  11:36  Marine  
  149  11:42  Missile Turret  
  149  11:43  Missile Turret  
  149  11:45  SCV  
  149  11:50  Marine  
  149  11:51  Marine  
  149  11:52  SCV, Medivac, Marine x3  
  149  11:53  Marine x2, Engineering Bay  
  149  11:55  Marine x2  
  149  11:58  SCV  
  149  11:59  Medivac  
  147  12:03  Siege Tank  
  147  12:08  SCV  
  149  12:09  Marine  
  149  12:10  Marine, SCV  
  149  12:12  Marine x2  
  149  12:15  Marine x2  
  149  12:17  Marine x2  
  149  12:19  Marine  
  144  12:32  Marine x2  
  144  12:33  Marine  
  144  12:35  Marine x3  
  144  12:36  Marine x2  
  141  12:37  Medivac  
  141  12:42  Marine  
  131  12:47  Orbital Command  
  131  12:50  Marine, Siege Tank  
  128  13:14  Marine  
  128  13:16  SCV, Marine x2  
  96  13:20  Marine  
  96  13:23  Marine  
  80  13:32  Marine  
  74  13:34  SCV  
  75  13:45  SCV  
  75  13:46  Marine  
  75  13:47  Marine  
  78  13:52  Marine x2  
  78  13:55  Marine  
  76  14:02  Marine  
  76  14:06  Marine  
  76  14:07  Marine x3  
  77  14:11  Marine x2  
  77  14:16  Marine  
  80  14:23  Marine  
  79  14:28  Marine  
  79  14:38  Marine  
  79  14:39  Marine x2  
  79  14:42  Marine x2  
  79  14:43  Marine x3  
Tags
 
Add a new tag
Caveats
  • Supply blocks, unpowered buildings, or Contaminate may cause inaccurate times.
  • Supply counts are checked every 10 seconds.